 Dungeon Crawl Stone Soup version 0.30-a0-757-ga6a79fd877 (webtiles) character file.

Game seed: 9273556109586204952

79 hikkokomori the Charlatan (level 4, -4/34 HPs)
             Began as a Human Artificer on Feb 10, 2023.
             Slain by an orc
             ... wielding a +2 trident of venom
              (8 damage)
             ... on level 3 of the Dungeon.
             The game lasted 00:04:19 (2300 turns).

hikkokomori the Charlatan (Human Artificer)         Turns: 2300, Time: 00:04:19

Health: -4/34      AC:  3    Str: 14    XL:     4   Next: 64%
Magic:  4/4        EV: 11    Int: 11    God:
Gold:   122        SH:  0    Dex: 14    Spells: 3/3 levels left

rFire   . . .      SeeInvis .    c - +2 dagger (venom)
rCold   . . .      Faith    .    (no shield)
rNeg    . . .      Spirit   .    b - +0 leather armour
rPois   .          Reflect  .    (no helmet)
rElec   .          Harm     .    (no cloak)
rCorr   .          Rampage  .    (no gloves)
Will    .....                    (no boots)
Stlth   ++                       (no amulet)
HPRegen 0.25/turn                (no ring)
MPRegen 0.09/turn                (no ring)

@: lethally poisoned (-4 -> -19)
A: no striking features
a: no special abilities


You were on level 3 of the Dungeon.
You visited 1 branch of the dungeon, and saw 3 of its levels.

You collected 122 gold pieces.

Inventory:

Hand Weapons
 a - a +0 club
 c - a +2 dagger of venom (weapon)
 g - a +0 dagger
Armour
 b - a +0 leather armour (worn)
Wands
 d - a wand of charming (11)
 e - a wand of iceblast (5)
Scrolls
 h - 2 scrolls of teleportation {unknown}
 i - 2 scrolls of fear
 m - a scroll of enchant weapon {unknown}
 n - 2 scrolls of poison {unknown}
Potions
 j - a potion of flight {unknown}
 k - a potion of lignification
 l - a potion of brilliance


   Skills:
 + Level 2.3 Fighting
 - Level 2.0 Armour
 - Level 1.0 Dodging
 + Level 2.6 Stealth
 + Level 3.8 Evocations


You had 3 spell levels left.
You didn't know any spells.
Your spell library contained the following spells:

 Spells                   Type           Power      Damage    Failure   Level
 Shock                    Conj/Air       0%         1d3       41%         1
 Swiftness                Air            0%         N/A       78%         3
 Airstrike                Air            0%         2d(0-16)  99%         4


Dungeon Overview and Level Annotations

Branches:
Dungeon (3/15)

Altars:

Annotations:
D:2 1 runed translucent door, Crazy Yiuf


Message History

You are too confused!
You hit the orc.
The orc is poisoned.
The orc is moderately wounded.
You feel less invigorated.
You feel less confused.
You feel sick. The orc barely misses you. The orc attacks as you move away!
The orc barely misses you.
You feel sick.
You feel sick.
You kill the orc!
You feel sick.
You feel sick.
You feel sick.
You hit the orc.
The orc is poisoned.
The orc is moderately wounded.
You feel sick. The orc hits you with a +0 whip.
You closely miss the orc.
The orc is moderately wounded.
You feel sick.
You are no longer poisoned.
The orc hits you from afar with a +2 trident of venom.
The orc hits you but does no damage.
You hit the orc.
The orc looks as sick as possible!
You punch the orc, but do no damage.
The orc is heavily wounded.
You kill the orc!
The orc hits you from afar with a +2 trident of venom.
You are poisoned.
You feel very sick. The orc barely misses you.
Things that are here:
a +0 whip; a +0 leather armour; an orc corpse You completely miss the orc.
You feel sick.
The orc hits you with a +2 trident of venom.
* * * LOW HITPOINT WARNING * * *
You are lethally poisoned!
You closely miss the orc.
* * * LOW HITPOINT WARNING * * *
You feel very sick.
The orc hits you with a +2 trident of venom!
You die...

#..........#
########.#.#
#.#.# #####.#.#
#...#.#.#
#.#.#.#.# #
#.....#.#.#
#.###.###.#.#.#..
#......@oo.......
#####.###.#.#.###
#.# #)# .. #.#
#o# ... #.# #.#
##. #.. ... ###
#.# #.# #.#


You could see 2 orcs.

Vanquished Creatures
  3 adders
  A worm (D:2)
  A dart slug (D:1)
  3 orcs (D:3)
  5 endoplasms
  6 hobgoblins (D:1)
  4 bats
  3 frilled lizards
  6 goblins
  4 kobolds
  6 rats
42 creatures vanquished.

Vanquished Creatures (collateral kills)
  An adder (D:2)
  A quokka (D:3)
  A frilled lizard (D:3)
3 creatures vanquished.

Vanquished Creatures (others)
  12 plants (D:1)
12 creatures vanquished.

Grand Total: 57 creatures vanquished

Notes
Turn   | Place    | Note
-------+----------+-------------------------------------------
     0 | D:1      | hikkokomori the Human Artificer began the quest for the
                  | Orb.
     0 | D:1      | Reached XP level 1. HP: 15/15 MP: 1/1
   338 | D:1      | Reached XP level 2. HP: 14/21 MP: 2/2
   778 | D:1      | Reached XP level 3. HP: 14/27 MP: 3/3
  1296 | D:2      | Found a faded altar of an unknown god.
  1506 | D:2      | Reached XP level 4. HP: 24/33 MP: 4/4
  1779 | D:2      | Found a runed translucent door.
  1780 | D:2      | Noticed Crazy Yiuf
  2300 | D:3      | Slain by an orc

Illustrated notes

Levels and vault maps discovered:
D:1:      minmay_arrival_split_and_join, layout_basic, serial_bayou,
          serial_bayou_ford_a, serial_bayou_pond_e, serial_bayou_pond_d,
          serial_bayou_lake_a, serial_bayou_lagoon_b,
          chequers_serial_rivers_room_b
D:2:      layout_rooms, hellmonk_ecumenical_altar_lost_god, lemuel_flame_loot_1,
          uniq_crazy_yiuf_cottage
D:3:      layout_basic, lemuel_coloured_pillars_altar, gammafunk_ghost_grave

Skill      XL: |  1  2  3 |
---------------+----------+-----
Stealth        | 2 |  2.6
Fighting       | 2 |  2.3
Armour         | |  2.0
Dodging        | |  1.0
Evocations     | |  3.8

Action                     |  1- 3 |  4- 6 || total
---------------------------+-------+-------++-------
  Melee: Dagger            |    98 |    39 ||   137
         Club              |    11 |       ||    11
         Punch             |     1 |     1 ||     2
  Evoke: Wand              |    18 |     1 ||    19
    Use: Scroll            |       |     3 ||     3
         Potion            |       |     2 ||     2
   Stab: Sleeping          |       |     1 ||     1
 Armour: Leather armour    |    20 |     7 ||    27
  Dodge: Dodged            |    59 |    24 ||    83

Table legend: (Time is in decaauts)
 A = Elapsed time spent in this place.
 B = Non-inter-level travel time spent in this place.
 C = Inter-level travel time spent in this place.
 D = Time resting spent in this place.
 E = Time spent auto-exploring this place.
 F = Levels seen in this place.
 G = Mean time per level.
                   A        B        C        D        E       F      G
               +--------+--------+--------+--------+--------+-----+--------+
         Total |   2369 |   2271 |     98 |      0 |   1876 |   3 |  789.7 |
       Dungeon |   2369 |   2271 |     98 |      0 |   1876 |   3 |  789.7 |
               +--------+--------+--------+--------+--------+-----+--------+

Top non-repeatable levels by time:
     D:1: 1312 daAuts
     D:2: 811 daAuts
     D:3: 244 daAuts
